AoeStats
← saksafon calan penguen

Arena

507281326Analyzed
1v1 RM · 14d ago on Sep 17, 2026· 57m 18s· 2 players
Game mode
Random Map
Map size
Tiny (2 player)
Population
200
Speed
Normal
Resources
Standard
Victory
Conquest
Starting age
Dark Age
Ending age
Imperial Age
RankedLock teamsTeams togetherTeam positionsShared explorationLock speedFull tech treeHidden civsTurbo modeCheats
Victory
Defeat
🇹🇷 Mongols · Türkiye
755
+16
🇫🇷 Magyars · France
763
-16
saksafon calan penguen
7:03 Loom
9:51 Feudal Age
10:29 Feudal Age
17:34 Castle Age
16:16 Double-Bit Axe
16:13 Horse Collar
16:27 Fletching
17:17 Padded Archer Armor
20:30 Wheelbarrow
22:43 Bodkin Arrow
24:49 Bow Saw
26:15 Bloodlines
26:06 Husbandry
26:11 Town Watch
27:39 Leather Archer Armor
30:46 Ballistics
31:08 Heavy Plow
34:19 Murder Holes
37:07 Imperial Age
34:54 Hand Cart
35:38 Forging
35:34 Scale Barding Armor
38:06 Elite Steppe Lancer
41:13 Elite Mangudai
43:01 Town Patrol
43:13 Stone Mining
43:15 Gold Mining
45:00 Conscription
45:46 Bracer
46:21 Iron Casting
46:07 Chain Barding Armor
46:51 Chemistry
49:46 Parthian Tactics
48:41 Heavy Cavalry Archer
52:03 Blast Furnace
B0X3
11:03 Feudal Age
14:06 Gold Mining
15:16 Double-Bit Axe
19:44 Castle Age
17:58 Bloodlines
18:41 Scale Barding Armor
19:15 Horse Collar
20:35 Padded Archer Armor
20:26 Fletching
22:29 Chain Barding Armor
22:26 Husbandry
22:50 Elite Skirmisher
27:19 Thumb Ring
27:13 Bodkin Arrow
27:34 Leather Archer Armor
27:56 Bow Saw
27:48 Heavy Plow
29:47 Corvinian Army
31:28 Gold Shaft Mining
30:44 Stone Mining
35:24 Imperial Age
34:44 Ballistics
36:01 Elite Magyar Huszar
37:02 Conscription
39:12 Crop Rotation
39:44 Two-Man Saw
41:15 Crossbowman
41:40 Pikeman
42:09 Treadmill Crane
43:04 Scale Mail Armor
42:41 Halberdier
46:13 Plate Barding Armor
47:44 Bracer
48:15 Ring Archer Armor
48:38 Arbalester
53:36 Chain Mail Armor
54:49 Chemistry
Connection lost

Rejoining the realm…

Still unreachable

The connection could not be restored.

Session expired

The server has moved on; the page needs a fresh start.